Match 28811428
Unlisted

Match 28811428
End
Pioneer Squad
Construct Infanterie Kompanie
Grenadier Squad
Grenadier Squad
Grenadier Squad
Selects Breakthrough Battlegroup
Selects Assault Grenadiers
Infanterie Officer Quarters
GrW 34 Mortar Team
MG 42 Machine Gun Team
PoteRush
桂妮薇尔
Ruby
HulkSMASH
0
0

Comments sign in to comment!

No comments posted yet!